[ AOE2 MATCH · #483375865 ]
UnrankedJapanese vs Lithuanians
[ REPLAY ANALYSIS · EXTRACTED FROM THE RECORDED GAME ]
Feudal
5:02
Castle
9:00
Imperial
13:05
| APM avg | 32.7 |
| APM peak | 72 |
| eAPM avg | 29.7 |
| Villagers / military | 67 / 229 |
Focus
⚔️ 16.5% · 🌾 83.5%
Samurai ×221 · Mangonel ×4 · Trebuchet (Packed) ×3 · Monk ×1
Feudal
5:28
Castle
9:26
Imperial
21:38
| APM avg | 21.0 |
| APM peak | 69 |
| eAPM avg | 17.4 |
| Villagers / military | 104 / 291 |
Focus
⚔️ 26.6% · 🌾 73.4%
Bolas Rider ×147 · Spearman ×80 · Kona ×59 · Unknown (2550) ×14 · Mangonel ×4 · Skirmisher ×1
Feudal
5:40
Castle
12:27
Imperial
21:15
| APM avg | 15.2 |
| APM peak | 47 |
| eAPM avg | 13.1 |
| Villagers / military | 72 / 24 |
Focus
⚔️ 9.7% · 🌾 90.3%
Arambai ×19 · Spearman ×4 · Mangonel ×1
Feudal
—
Castle
—
Imperial
—
| APM avg | 54.6 |
| APM peak | 358 |
| eAPM avg | 51.8 |
| Villagers / military | 84 / 485 |
Focus
⚔️ 11.9% · 🌾 88.1%
Leitis ×477 · Mangonel ×8
Feudal
1:48
Castle
5:20
Imperial
9:30
| APM avg | 48.8 |
| APM peak | 101 |
| eAPM avg | 45.5 |
| Villagers / military | 75 / 376 |
Focus
⚔️ 20.3% · 🌾 79.7%
Warrior Priest ×276 · Mangonel ×55 · Mameluke ×35 · Fishing Ship ×32 · Trebuchet (Packed) ×10
Feudal
3:17
Castle
6:00
Imperial
16:31
| APM avg | 14.5 |
| APM peak | 42 |
| eAPM avg | 10.9 |
| Villagers / military | 94 / 83 |
Focus
⚔️ 27.0% · 🌾 73.0%
Eagle Scout ×74 · Warrior Priest ×9
Feudal
5:34
Castle
10:43
Imperial
—
| APM avg | 8.5 |
| APM peak | 45 |
| eAPM avg | 7.5 |
| Villagers / military | 36 / 0 |
Focus
⚔️ 9.3% · 🌾 90.7%
Fishing Ship ×22
Feudal
1:30
Castle
5:31
Imperial
8:49
| APM avg | 23.0 |
| APM peak | 49 |
| eAPM avg | 22.0 |
| Villagers / military | 125 / 69 |
Focus
⚔️ 29.7% · 🌾 70.3%
Composite Bowman ×50 · Knight ×8 · Battering Ram ×5 · Mangonel ×3 · Warrior Priest ×3
Match map
Initial resources + every placement click. Lines = walls · curves = elevation contours. ◆ gold · ⬟ stone · ● berries · ✦ relic · ◌ wall gap
Your base· ✓ Map-separated
NoAgendaPODCAST's base· ✓ Map-separated
yimacs_yoyoyo's base· ✓ Map-separated
Chuckyllo4417's base· ✓ Map-separated
liehuo22's base· ✓ Map-separated
og1kanooby's base· ✓ Map-separated
Pogonophobia69's base· ✓ Map-separated
Yeepers's base· ✓ Map-separated
Smoothed initial terrain · ◌ = detected wall gap · hover for details
Inputs per minute
— NoxMortus - - NoAgendaPODCAST
Build order — NoxMortus
First 150 of 400 actions detected
| 0:02 | Create | Villager (Male) |
| 0:03 | Create | Villager (Male) |
| 0:03 | Create | Villager (Male) |
| 0:03 | Create | Villager (Male) |
| 0:08 | Build | Settlement |
| 0:25 | Build | Farm |
| 0:34 | Build | Farm |
| 0:36 | Build | Farm |
| 1:01 | Build | Farm |
| 1:15 | Create | Villager (Male) |
| 1:49 | Create | Villager (Male) |
| 1:55 | Build | Farm |
| 2:08 | Create | Villager (Male) |
| 2:20 | Build | Farm |
| 2:23 | Create | Villager (Male) |
| 2:40 | Create | Villager (Male) |
| 3:02 | Build | Farm |
| 3:19 | Create | Villager (Male) |
| 4:06 | Research | Feudal Age |
| 4:07 | Research | Feudal Age |
| 4:55 | Create | Villager (Male) |
| 4:55 | Create | Villager (Male) |
| 5:02 | Age | Feudal Age |
| 5:04 | Build | Market |
| 5:10 | Research | Double-Bit Axe |
| 5:11 | Research | Double-Bit Axe |
| 5:11 | Research | Tech 1687 |
| 5:11 | Research | Tech 1687 |
| 5:12 | Research | Tech 1688 |
| 5:12 | Research | Tech 1688 |
| 5:12 | Research | Tech 1688 |
| 5:15 | Create | Villager (Male) |
| 5:24 | Build | Farm |
| 5:32 | Create | Villager (Male) |
| 5:47 | Build | Farm |
| 6:11 | Build | Farm |
| 6:11 | Build | Farm |
| 6:22 | Create | Villager (Male) |
| 6:22 | Create | Villager (Male) |
| 7:08 | Create | Villager (Male) |
| 7:29 | Build | Blacksmith |
| 7:43 | Research | Castle Age |
| 7:44 | Research | Castle Age |
| 7:48 | Build | Farm |
| 8:00 | Build | Farm |
| 8:03 | Build | Farm |
| 8:09 | Build | Farm |
| 8:17 | Create | Villager (Male) |
| 8:54 | Create | Villager (Male) |
| 8:54 | Create | Villager (Male) |
| 9:00 | Age | Castle Age |
| 9:04 | Build | Town Center |
| 9:45 | Create | Villager (Male) ×5 |
| 9:49 | Research | Town Watch |
| 9:49 | Research | Town Watch |
| 9:50 | Research | Tech 1612 |
| 9:50 | Research | Tech 1612 |
| 9:50 | Research | Tech 1613 |
| 9:51 | Research | Tech 1613 |
| 10:10 | Create | Villager (Male) |
| 10:10 | Create | Villager (Male) |
| 10:18 | Build | Farm |
| 11:30 | Build | Siege Workshop |
| 11:35 | Build | Monastery |
| 11:38 | Build | Settlement |
| 11:49 | Research | Imperial Age |
| 11:49 | Research | Imperial Age |
| 11:49 | Research | Imperial Age |
| 11:59 | Create | Mangonel |
| 12:00 | Create | Mangonel |
| 12:17 | Create | Mangonel |
| 12:36 | Create | Mangonel |
| 12:43 | Build | Farm |
| 12:50 | Create | Villager (Male) |
| 12:50 | Create | Villager (Male) |
| 12:52 | Create | Villager (Male) |
| 12:52 | Create | Villager (Male) |
| 12:53 | Create | Villager (Male) |
| 13:05 | Age | Imperial Age |
| 13:10 | Research | Onager (upgrade) |
| 13:15 | Build | Farm |
| 13:31 | Research | Bow Saw |
| 13:31 | Research | Gold Mining |
| 13:32 | Research | Stone Mining |
| 13:32 | Research | Stone Mining |
| 13:32 | Research | Tech 1723 |
| 13:33 | Research | Tech 1723 |
| 13:36 | Research | Two-Man Saw |
| 13:36 | Research | Two-Man Saw |
| 13:37 | Research | Tech 1691 |
| 13:37 | Research | Tech 1691 |
| 13:37 | Research | Tech 1691 |
| 13:37 | Research | Tech 1692 |
| 13:38 | Research | Tech 1692 |
| 13:38 | Research | Tech 1705 |
| 13:38 | Research | Tech 1705 |
| 13:38 | Research | Tech 1706 |
| 13:39 | Research | Tech 1706 |
| 13:39 | Research | Tech 1706 |
| 13:43 | Research | Town Patrol |
| 13:55 | Create | Villager (Male) |
| 13:56 | Create | Villager (Male) |
| 13:56 | Create | Villager (Male) |
| 13:56 | Create | Villager (Male) |
| 14:18 | Build | Castle |
| 14:24 | Create | Villager (Male) |
| 14:24 | Create | Villager (Male) |
| 14:24 | Create | Villager (Male) |
| 14:28 | Create | Villager (Male) |
| 14:32 | Research | Horse Collar |
| 14:32 | Research | Tech 1724 |
| 14:36 | Research | Tech 1624 |
| 14:36 | Research | Tech 1727 |
| 14:36 | Research | Tech 1624 |
| 14:37 | Research | Tech 1727 |
| 14:37 | Research | Tech 1624 |
| 14:37 | Research | Tech 1625 |
| 14:37 | Research | Tech 1728 |
| 14:37 | Research | Tech 1625 |
| 14:37 | Research | Tech 1728 |
| 14:37 | Research | Tech 1625 |
| 14:42 | Create | Villager (Male) |
| 14:42 | Create | Villager (Male) |
| 14:42 | Create | Villager (Male) |
| 14:53 | Build | Farm |
| 14:55 | Build | Farm |
| 14:56 | Build | Farm |
| 14:57 | Build | Farm |
| 14:58 | Build | Farm |
| 15:04 | Build | University |
| 15:23 | Build | Farm |
| 15:43 | Build | Monastery |
| 15:47 | Research | Yasama |
| 15:48 | Research | Yasama |
| 15:48 | Research | Tech 1772 |
| 15:48 | Research | Tech 1772 |
| 15:50 | Research | Tech 1773 |
| 15:52 | Create | Villager (Male) |
| 15:52 | Create | Villager (Male) |
| 15:53 | Create | Villager (Male) |
| 15:53 | Create | Villager (Male) |
| 16:13 | Create | Monk |
| 16:25 | Build | Blacksmith |
| 16:26 | Build | Blacksmith |
| 16:27 | Build | Blacksmith |
| 16:28 | Build | House |
| 16:45 | Research | Guard Tower (upgrade) |
| 16:47 | Research | Arrowslits |
| 16:48 | Research | Arrowslits |
| 16:48 | Research | Keep (upgrade) |
Build order — NoAgendaPODCAST
First 150 of 383 actions detected
| 0:04 | Create | Villager (Male) |
| 0:04 | Create | Villager (Male) |
| 0:12 | Build | Settlement |
| 0:21 | Create | Villager (Male) |
| 0:22 | Create | Villager (Male) |
| 0:26 | Build | Farm |
| 0:28 | Build | Farm |
| 0:30 | Build | Farm |
| 1:37 | Create | Villager (Male) |
| 1:47 | Build | Farm |
| 1:49 | Create | Villager (Male) |
| 2:16 | Build | Farm |
| 2:23 | Create | Villager (Male) |
| 2:35 | Build | Farm |
| 2:54 | Create | Villager (Male) |
| 2:59 | Build | Farm |
| 3:05 | Create | Villager (Male) |
| 3:31 | Create | Villager (Male) |
| 4:07 | Create | Villager (Male) |
| 4:23 | Research | Feudal Age |
| 5:24 | Create | Villager (Male) |
| 5:25 | Create | Villager (Male) |
| 5:28 | Age | Feudal Age |
| 5:34 | Build | Market |
| 5:57 | Create | Villager (Male) |
| 6:17 | Build | Farm |
| 6:27 | Create | Villager (Male) |
| 6:35 | Research | Town Watch |
| 6:40 | Create | Villager (Male) |
| 6:49 | Research | Double-Bit Axe |
| 6:49 | Research | Double-Bit Axe |
| 6:49 | Research | Tech 1687 |
| 6:50 | Research | Tech 1687 |
| 6:50 | Research | Tech 1688 |
| 7:07 | Create | Villager (Male) |
| 7:42 | Build | Blacksmith |
| 7:58 | Create | Villager (Male) |
| 8:08 | Research | Castle Age |
| 8:12 | Build | Farm |
| 8:29 | Build | Farm |
| 8:40 | Create | Spearman |
| 9:24 | Create | Villager (Male) |
| 9:26 | Age | Castle Age |
| 9:31 | Research | Bow Saw |
| 9:32 | Research | Tech 1691 |
| 9:32 | Research | Tech 1691 |
| 9:32 | Research | Tech 1692 |
| 9:32 | Research | Tech 1692 |
| 9:35 | Research | Horse Collar |
| 9:35 | Research | Tech 1624 |
| 9:36 | Research | Tech 1625 |
| 9:46 | Build | Town Center |
| 9:50 | Create | Villager (Male) |
| 9:51 | Create | Villager (Male) |
| 10:01 | Research | Heavy Plow |
| 10:17 | Build | Town Center |
| 10:20 | Create | Villager (Male) |
| 10:20 | Create | Villager (Male) |
| 10:24 | Create | Villager (Male) |
| 10:49 | Create | Villager (Male) |
| 10:49 | Create | Villager (Male) |
| 10:50 | Create | Villager (Male) |
| 10:50 | Create | Villager (Male) |
| 10:50 | Create | Villager (Male) |
| 10:51 | Create | Villager (Male) |
| 11:01 | Create | Skirmisher |
| 11:03 | Build | Farm |
| 11:08 | Create | Villager (Male) |
| 11:20 | Create | Villager (Male) |
| 11:27 | Create | Villager (Male) |
| 11:41 | Create | Villager (Male) |
| 11:49 | Build | Farm |
| 11:56 | Create | Villager (Male) |
| 12:11 | Create | Villager (Male) |
| 12:11 | Create | Villager (Male) |
| 12:12 | Create | Villager (Male) |
| 12:27 | Create | Villager (Male) |
| 12:28 | Create | Villager (Male) |
| 12:53 | Create | Villager (Male) |
| 12:53 | Create | Villager (Male) |
| 12:54 | Create | Villager (Male) |
| 12:57 | Build | Farm |
| 12:58 | Create | Villager (Male) |
| 13:06 | Create | Villager (Male) |
| 13:15 | Create | Villager (Male) |
| 13:16 | Create | Villager (Male) |
| 13:24 | Create | Villager (Male) |
| 13:52 | Build | Town Center |
| 14:13 | Create | Villager (Male) |
| 14:13 | Create | Villager (Male) |
| 14:14 | Create | Villager (Male) |
| 14:14 | Create | Villager (Male) |
| 14:14 | Create | Villager (Male) |
| 14:15 | Create | Villager (Male) |
| 14:15 | Create | Villager (Male) |
| 14:16 | Create | Villager (Male) |
| 14:24 | Create | Villager (Male) |
| 14:33 | Build | Town Center |
| 14:35 | Create | Villager (Male) |
| 14:43 | Create | Villager (Male) |
| 14:48 | Create | Villager (Male) |
| 14:48 | Create | Villager (Male) |
| 14:54 | Build | Farm |
| 14:57 | Create | Villager (Male) |
| 15:06 | Create | Villager (Male) |
| 15:13 | Create | Villager (Male) |
| 15:22 | Build | Farm |
| 15:24 | Create | Villager (Male) |
| 15:27 | Build | Farm |
| 15:28 | Create | Villager (Male) |
| 15:31 | Create | Villager (Male) |
| 15:47 | Create | Villager (Male) |
| 15:48 | Create | Villager (Male) |
| 15:51 | Build | Farm |
| 15:54 | Create | Villager (Male) |
| 16:20 | Create | Villager (Male) |
| 16:20 | Create | Villager (Male) |
| 16:21 | Create | Villager (Male) |
| 16:21 | Create | Villager (Male) |
| 16:23 | Build | Farm |
| 16:33 | Build | Settlement |
| 16:37 | Create | Villager (Male) |
| 16:37 | Create | Villager (Male) |
| 16:37 | Create | Villager (Male) |
| 16:38 | Create | Villager (Male) |
| 16:38 | Create | Villager (Male) |
| 16:44 | Build | Farm |
| 16:58 | Create | Villager (Male) |
| 17:00 | Build | Farm |
| 17:03 | Build | Farm |
| 17:05 | Create | Villager (Male) |
| 17:05 | Create | Villager (Male) |
| 17:13 | Research | Tech 1622 |
| 17:13 | Research | Tech 1623 |
| 17:19 | Create | Villager (Male) |
| 17:24 | Create | Villager (Male) |
| 17:24 | Create | Villager (Male) |
| 17:27 | Build | Farm |
| 17:29 | Create | Villager (Male) |
| 17:50 | Build | Siege Workshop |
| 17:54 | Create | Villager (Male) |
| 17:56 | Create | Villager (Male) |
| 18:00 | Build | Farm |
| 18:03 | Build | Farm |
| 18:05 | Create | Villager (Male) |
| 18:05 | Create | Villager (Male) |
| 18:15 | Research | Wheelbarrow |
| 18:16 | Research | Tech 1699 |
| 18:18 | Research | Tech 1700 |
| 18:25 | Build | Farm |
Build order — yimacs_yoyoyo
148 actions detected in the replay
| 0:24 | Create | Villager (Male) |
| 0:24 | Create | Villager (Male) |
| 0:25 | Create | Villager (Male) |
| 0:25 | Create | Villager (Male) |
| 0:36 | Build | Settlement |
| 1:05 | Build | Farm |
| 1:50 | Build | Farm |
| 1:51 | Build | Farm |
| 1:55 | Build | Farm |
| 2:09 | Create | Villager (Male) |
| 3:12 | Create | Villager (Male) |
| 3:13 | Create | Villager (Male) |
| 3:17 | Build | Farm |
| 3:22 | Build | Farm |
| 3:41 | Build | Farm |
| 4:48 | Research | Feudal Age |
| 4:50 | Create | Villager (Male) |
| 4:50 | Create | Villager (Male) |
| 5:40 | Age | Feudal Age |
| 5:56 | Create | Villager (Male) |
| 5:56 | Create | Villager (Male) |
| 5:57 | Create | Villager (Male) |
| 5:57 | Create | Villager (Male) |
| 5:59 | Research | Double-Bit Axe |
| 5:59 | Research | Double-Bit Axe |
| 6:00 | Research | Tech 1687 |
| 6:00 | Research | Tech 1688 |
| 6:00 | Research | Tech 1688 |
| 6:15 | Research | Town Watch |
| 6:16 | Research | Tech 1612 |
| 6:16 | Research | Tech 1612 |
| 6:16 | Research | Tech 1613 |
| 6:17 | Create | Villager (Male) |
| 6:17 | Create | Villager (Male) |
| 6:18 | Create | Villager (Male) |
| 6:18 | Create | Villager (Male) |
| 6:18 | Create | Villager (Male) |
| 8:06 | Create | Villager (Male) |
| 8:06 | Create | Villager (Male) |
| 9:06 | Create | Villager (Male) |
| 10:20 | Build | Farm |
| 10:24 | Build | Blacksmith |
| 10:29 | Build | Market |
| 10:34 | Create | Villager (Male) |
| 10:34 | Create | Villager (Male) |
| 10:58 | Build | Farm |
| 11:04 | Research | Castle Age |
| 11:05 | Research | Castle Age |
| 11:08 | Create | Villager (Male) |
| 11:09 | Create | Villager (Male) |
| 11:09 | Create | Villager (Male) |
| 12:16 | Build | Farm |
| 12:20 | Build | Farm |
| 12:23 | Build | Farm |
| 12:27 | Age | Castle Age |
| 12:31 | Create | Villager (Male) |
| 12:32 | Create | Villager (Male) |
| 12:32 | Create | Villager (Male) |
| 12:33 | Create | Villager (Male) |
| 12:33 | Create | Villager (Male) |
| 12:47 | Build | Settlement |
| 12:56 | Create | Villager (Male) |
| 12:57 | Create | Villager (Male) |
| 12:57 | Create | Villager (Male) |
| 12:57 | Create | Villager (Male) |
| 14:05 | Research | Bow Saw |
| 14:06 | Research | Tech 1691 |
| 14:06 | Research | Tech 1692 |
| 14:09 | Create | Villager (Male) |
| 14:09 | Create | Villager (Male) |
| 14:10 | Create | Villager (Male) |
| 14:41 | Create | Villager (Male) |
| 14:41 | Create | Villager (Male) |
| 14:42 | Create | Villager (Male) |
| 14:42 | Create | Villager (Male) |
| 14:42 | Create | Villager (Male) |
| 14:52 | Build | Farm |
| 15:27 | Create | Villager (Male) |
| 15:27 | Create | Villager (Male) |
| 15:28 | Create | Villager (Male) |
| 15:48 | Create | Villager (Male) |
| 18:37 | Build | Town Center |
| 18:46 | Build | Settlement |
| 19:25 | Build | Siege Workshop |
| 19:29 | Build | Monastery |
| 19:34 | Create | Villager (Male) |
| 19:34 | Create | Villager (Male) |
| 19:35 | Create | Villager (Male) |
| 19:53 | Build | Farm |
| 19:54 | Build | Farm |
| 19:59 | Research | Imperial Age |
| 19:59 | Research | Imperial Age |
| 20:30 | Build | Farm |
| 20:34 | Create | Villager (Male) |
| 20:34 | Create | Villager (Male) |
| 20:34 | Create | Villager (Male) |
| 20:35 | Create | Villager (Male) |
| 20:49 | Build | Town Center |
| 21:01 | Research | Wheelbarrow |
| 21:01 | Research | Wheelbarrow |
| 21:02 | Research | Tech 1699 |
| 21:02 | Research | Tech 1700 |
| 21:04 | Create | Villager (Male) |
| 21:05 | Create | Villager (Male) |
| 21:05 | Create | Villager (Male) |
| 21:06 | Create | Villager (Male) |
| 21:14 | Create | Mangonel |
| 21:15 | Age | Imperial Age |
| 21:50 | Research | Onager (upgrade) |
| 21:59 | Build | Barracks |
| 22:30 | Build | Stable |
| 23:04 | Create | Villager (Male) |
| 23:05 | Create | Villager (Male) |
| 23:05 | Create | Villager (Male) |
| 23:06 | Create | Villager (Male) |
| 23:06 | Create | Villager (Male) |
| 23:15 | Build | Farm |
| 23:18 | Build | Farm |
| 23:32 | Build | Barracks |
| 23:42 | Build | Palisade Wall |
| 24:06 | Create | Spearman |
| 24:07 | Create | Spearman |
| 24:07 | Create | Spearman |
| 24:08 | Create | Spearman |
| 24:25 | Build | Stone Wall |
| 24:31 | Build | Stone Wall |
| 24:40 | Build | Stone Wall |
| 25:29 | Build | Town Center |
| 25:35 | Build | Market |
| 25:53 | Build | House |
| 26:15 | Build | Castle |
| 26:29 | Build | Settlement |
| 26:33 | Create | Villager (Male) |
| 26:34 | Create | Villager (Male) |
| 26:34 | Create | Villager (Male) |
| 26:35 | Create | Villager (Male) |
| 26:36 | Create | Villager (Male) |
| 26:37 | Create | Villager (Male) |
| 26:37 | Create | Villager (Male) |
| 26:37 | Create | Villager (Male) |
| 26:38 | Create | Villager (Male) |
| 27:27 | Create | Arambai ×5 |
| 27:28 | Create | Arambai ×5 |
| 27:28 | Create | Arambai ×5 |
| 27:47 | Create | Arambai |
| 27:47 | Create | Arambai |
| 28:02 | Create | Arambai |
| 28:02 | Create | Arambai |
Build order — Chuckyllo4417
First 150 of 392 actions detected
| 0:13 | Build | Mule Cart |
| 0:25 | Build | Mill |
| 0:41 | Research | Feudal Age |
| 0:53 | Build | Farm |
| 0:55 | Build | Farm |
| 0:58 | Build | Farm |
| 1:36 | Build | Market |
| 1:45 | Research | Town Watch |
| 1:46 | Research | Tech 1612 |
| 1:46 | Research | Tech 1613 |
| 1:47 | Create | Villager (Male) |
| 1:48 | Create | Villager (Male) |
| 1:48 | Create | Villager (Male) |
| 1:57 | Build | Mule Cart |
| 2:17 | Build | House |
| 3:03 | Create | Villager (Male) |
| 3:18 | Create | Villager (Male) |
| 3:21 | Build | Farm |
| 3:24 | Build | Farm |
| 3:27 | Build | Farm |
| 3:33 | Build | Farm |
| 3:47 | Create | Villager (Male) |
| 4:29 | Create | Villager (Male) |
| 5:02 | Build | Blacksmith |
| 5:04 | Create | Villager (Male) |
| 5:17 | Research | Castle Age |
| 5:22 | Build | Farm |
| 5:26 | Research | Double-Bit Axe |
| 5:35 | Build | Farm |
| 5:38 | Build | Farm |
| 5:41 | Research | Tech 1687 |
| 5:51 | Research | Tech 1688 |
| 6:25 | Build | House |
| 6:41 | Build | Town Center |
| 6:52 | Create | Villager (Male) ×5 |
| 7:13 | Create | Villager (Male) ×5 |
| 7:56 | Build | Town Center |
| 8:23 | Create | Villager (Male) ×5 |
| 8:32 | Build | Monastery |
| 8:49 | Build | Siege Workshop |
| 9:14 | Build | Mule Cart |
| 9:46 | Research | Imperial Age |
| 9:48 | Research | Stone Mining |
| 9:49 | Research | Tech 1723 |
| 9:50 | Research | Tech 1724 |
| 9:50 | Research | Tech 1724 |
| 10:01 | Build | Monastery |
| 10:24 | Build | Town Center |
| 10:31 | Create | Mangonel |
| 10:31 | Create | Mangonel |
| 10:40 | Create | Villager (Male) ×5 |
| 11:05 | Research | Bow Saw |
| 11:05 | Research | Bow Saw |
| 11:05 | Research | Tech 1691 |
| 11:06 | Research | Tech 1691 |
| 11:06 | Research | Tech 1692 |
| 11:06 | Research | Tech 1692 |
| 11:07 | Research | Tech 1692 |
| 11:08 | Research | Stone Shaft Mining |
| 11:08 | Research | Stone Shaft Mining |
| 11:09 | Research | Tech 1727 |
| 11:09 | Research | Tech 1727 |
| 11:10 | Research | Tech 1728 |
| 11:14 | Create | Villager (Male) ×5 |
| 11:28 | Research | Onager (upgrade) |
| 11:36 | Research | Guilds |
| 12:01 | Build | Farm |
| 12:11 | Create | Villager (Male) ×5 |
| 12:11 | Create | Villager (Male) ×5 |
| 13:13 | Build | Town Center |
| 13:15 | Build | Town Center |
| 13:16 | Build | Town Center |
| 13:28 | Research | Town Patrol |
| 13:28 | Research | Wheelbarrow |
| 13:29 | Research | Wheelbarrow |
| 13:29 | Research | Tech 1699 |
| 13:29 | Research | Tech 1699 |
| 13:30 | Research | Tech 1699 |
| 13:30 | Research | Tech 1700 |
| 13:30 | Research | Tech 1700 |
| 13:32 | Research | Loom |
| 13:32 | Research | Loom |
| 13:32 | Research | Loom |
| 13:33 | Research | Tech 1628 |
| 13:33 | Research | Tech 1628 |
| 13:33 | Research | Tech 1628 |
| 13:33 | Research | Tech 1629 |
| 13:34 | Research | Tech 1629 |
| 13:35 | Create | Villager (Male) |
| 13:55 | Research | Two-Man Saw |
| 13:55 | Research | Gold Mining |
| 13:55 | Research | Two-Man Saw |
| 13:55 | Research | Gold Mining |
| 13:56 | Research | Tech 1705 |
| 13:56 | Research | Tech 1653 |
| 13:56 | Research | Tech 1705 |
| 13:56 | Research | Tech 1653 |
| 13:56 | Research | Tech 1706 |
| 13:56 | Research | Tech 1654 |
| 13:57 | Research | Tech 1706 |
| 13:57 | Research | Tech 1654 |
| 14:03 | Research | Hand Cart |
| 14:03 | Research | Hand Cart |
| 14:04 | Research | Tech 1715 |
| 14:04 | Research | Tech 1715 |
| 14:04 | Research | Tech 1716 |
| 14:05 | Research | Tech 1716 |
| 15:02 | Build | Castle |
| 15:12 | Build | University |
| 15:14 | Build | Barracks |
| 15:18 | Create | Mangonel |
| 15:20 | Create | Mangonel ×5 |
| 15:41 | Research | Treadmill Crane |
| 15:42 | Research | Treadmill Crane |
| 15:42 | Research | Tech 1651 |
| 15:42 | Research | Tech 1651 |
| 15:42 | Research | Tech 1652 |
| 15:43 | Research | Tech 1652 |
| 15:59 | Research | Spies/Treason |
| 15:59 | Research | Conscription |
| 16:00 | Research | Conscription |
| 16:00 | Research | Tech 1733 |
| 16:00 | Research | Tech 1733 |
| 16:01 | Research | Tech 1734 |
| 16:01 | Research | Tech 1734 |
| 16:02 | Research | Elite Leitis (upgrade) |
| 16:37 | Build | Stable |
| 16:39 | Build | Blacksmith |
| 16:40 | Build | Blacksmith |
| 16:40 | Build | Blacksmith |
| 16:43 | Build | Blacksmith |
| 16:50 | Build | Castle |
| 16:52 | Build | Castle |
| 17:06 | Research | Husbandry |
| 17:06 | Research | Bloodlines |
| 17:06 | Research | Bloodlines |
| 17:06 | Research | Husbandry |
| 17:06 | Research | Tech 1749 |
| 17:06 | Research | Tech 1634 |
| 17:07 | Research | Tech 1749 |
| 17:07 | Research | Tech 1634 |
| 17:07 | Research | Tech 1750 |
| 17:07 | Research | Tech 1635 |
| 17:07 | Research | Tech 1750 |
| 17:07 | Research | Tech 1635 |
| 17:13 | Research | Hill Forts |
| 17:13 | Research | Hill Forts |
| 17:14 | Research | Hill Forts |
| 17:14 | Research | Tech 1838 |
| 17:14 | Research | Tech 1838 |
Build order — liehuo22
First 150 of 631 actions detected
| 0:20 | Build | House |
| 0:20 | Create | Villager (Male) |
| 0:26 | Build | Mule Cart |
| 0:31 | Build | Mule Cart |
| 0:34 | Build | Mill |
| 0:52 | Build | Farm |
| 0:54 | Research | Feudal Age |
| 0:54 | Research | Feudal Age |
| 1:00 | Build | Farm |
| 1:05 | Build | Farm |
| 1:11 | Build | Farm |
| 1:20 | Create | Villager (Male) |
| 1:21 | Create | Villager (Male) |
| 1:23 | Build | Farm |
| 1:26 | Build | Farm |
| 1:30 | Build | Farm |
| 1:35 | Build | Farm |
| 1:48 | Age | Feudal Age |
| 1:50 | Research | Double-Bit Axe |
| 1:50 | Research | Double-Bit Axe |
| 1:51 | Research | Double-Bit Axe |
| 1:58 | Research | Tech 1687 |
| 1:58 | Research | Tech 1687 |
| 1:59 | Research | Tech 1688 |
| 1:59 | Research | Tech 1688 |
| 2:07 | Research | Tech 1688 |
| 2:08 | Research | Tech 1688 |
| 2:08 | Research | Tech 1688 |
| 2:10 | Create | Villager (Male) |
| 2:11 | Create | Villager (Male) |
| 2:11 | Create | Villager (Male) |
| 2:21 | Build | Farm |
| 2:36 | Build | Farm |
| 2:45 | Build | Market |
| 2:49 | Create | Villager (Male) |
| 2:50 | Create | Villager (Male) |
| 3:39 | Build | Blacksmith |
| 3:43 | Create | Villager (Male) |
| 4:13 | Research | Castle Age |
| 4:14 | Research | Castle Age |
| 4:20 | Build | Farm |
| 4:29 | Create | Villager (Male) |
| 4:30 | Create | Villager (Male) |
| 4:30 | Create | Villager (Male) |
| 4:30 | Create | Villager (Male) |
| 5:20 | Age | Castle Age |
| 5:27 | Create | Villager (Male) |
| 5:27 | Create | Villager (Male) |
| 5:32 | Build | Town Center |
| 5:38 | Create | Villager (Male) |
| 5:38 | Create | Villager (Male) |
| 6:27 | Create | Villager (Male) |
| 6:27 | Create | Villager (Male) |
| 6:28 | Create | Villager (Male) |
| 6:28 | Create | Villager (Male) |
| 6:29 | Create | Villager (Male) |
| 6:29 | Create | Villager (Male) |
| 6:30 | Create | Villager (Male) |
| 6:39 | Research | Bow Saw |
| 6:39 | Research | Bow Saw |
| 6:40 | Research | Tech 1691 |
| 6:40 | Research | Tech 1691 |
| 6:40 | Research | Tech 1691 |
| 6:41 | Research | Tech 1692 |
| 6:41 | Research | Tech 1692 |
| 7:18 | Build | Siege Workshop |
| 7:29 | Build | Dock |
| 7:46 | Build | Monastery |
| 7:50 | Research | Tech 1625 |
| 7:51 | Research | Tech 1625 |
| 7:51 | Research | Tech 1624 |
| 8:00 | Build | Dock |
| 8:02 | Create | Fishing Ship |
| 8:02 | Create | Fishing Ship |
| 8:02 | Create | Fishing Ship |
| 8:03 | Create | Fishing Ship |
| 8:03 | Create | Fishing Ship |
| 8:03 | Create | Fishing Ship |
| 8:09 | Research | Imperial Age |
| 8:09 | Research | Imperial Age |
| 8:09 | Research | Imperial Age |
| 8:14 | Research | Town Watch |
| 8:15 | Research | Town Watch |
| 8:15 | Research | Tech 1612 |
| 8:16 | Research | Tech 1612 |
| 8:16 | Research | Tech 1613 |
| 8:17 | Research | Tech 1613 |
| 8:18 | Research | Wheelbarrow |
| 8:19 | Research | Wheelbarrow |
| 8:20 | Research | Tech 1699 |
| 8:20 | Research | Tech 1699 |
| 8:21 | Research | Tech 1700 |
| 8:21 | Research | Tech 1700 |
| 8:22 | Research | Tech 1700 |
| 8:22 | Create | Villager (Male) |
| 8:23 | Create | Villager (Male) |
| 8:23 | Create | Villager (Male) |
| 8:23 | Create | Villager (Male) |
| 8:24 | Create | Villager (Male) |
| 8:26 | Create | Fishing Ship |
| 8:26 | Create | Fishing Ship |
| 8:28 | Create | Villager (Male) |
| 8:28 | Create | Villager (Male) |
| 8:35 | Build | Farm |
| 8:37 | Build | Farm |
| 8:40 | Build | Farm |
| 8:42 | Create | Mangonel |
| 8:43 | Create | Mangonel |
| 8:43 | Create | Mangonel |
| 8:52 | Build | Fish Trap |
| 8:52 | Build | Fish Trap |
| 8:53 | Build | Fish Trap |
| 8:53 | Build | Fish Trap |
| 8:54 | Build | Fish Trap |
| 8:54 | Build | Fish Trap |
| 8:55 | Build | Fish Trap |
| 8:55 | Build | Fish Trap |
| 8:56 | Build | Fish Trap |
| 8:56 | Build | Fish Trap |
| 8:56 | Build | Fish Trap |
| 8:57 | Build | Fish Trap |
| 8:57 | Build | Fish Trap |
| 8:58 | Build | Fish Trap |
| 8:58 | Build | Fish Trap |
| 9:04 | Create | Fishing Ship |
| 9:04 | Create | Fishing Ship |
| 9:10 | Create | Villager (Male) |
| 9:11 | Create | Villager (Male) |
| 9:30 | Age | Imperial Age |
| 9:39 | Research | Onager (upgrade) |
| 9:39 | Research | Onager (upgrade) |
| 9:42 | Create | Fishing Ship |
| 9:43 | Create | Fishing Ship |
| 9:43 | Create | Fishing Ship |
| 9:43 | Create | Fishing Ship |
| 9:50 | Create | Villager (Male) |
| 9:55 | Build | Farm |
| 9:59 | Build | Mule Cart |
| 10:02 | Build | Mule Cart |
| 10:09 | Build | Mule Cart |
| 10:24 | Create | Fishing Ship |
| 10:25 | Create | Fishing Ship |
| 10:27 | Build | Fish Trap |
| 10:27 | Build | Fish Trap |
| 10:28 | Build | Fish Trap |
| 10:28 | Build | Fish Trap |
| 10:28 | Build | Fish Trap |
| 10:29 | Build | Fish Trap |
| 10:29 | Build | Fish Trap |
| 10:29 | Build | Fish Trap |
Build order — og1kanooby
First 150 of 157 actions detected
| 0:04 | Build | Mill |
| 0:16 | Build | House |
| 0:19 | Create | Villager (Male) ×5 |
| 0:38 | Build | Farm |
| 1:02 | Build | Farm |
| 1:17 | Build | Farm |
| 1:28 | Build | Farm |
| 1:29 | Build | Farm |
| 1:38 | Build | Farm |
| 1:49 | Build | Farm |
| 1:56 | Create | Villager (Male) |
| 2:05 | Build | Mule Cart |
| 2:14 | Build | Farm |
| 2:23 | Research | Feudal Age |
| 3:14 | Create | Villager (Male) ×5 |
| 3:17 | Age | Feudal Age |
| 3:36 | Build | Mule Cart |
| 4:10 | Build | Market |
| 4:12 | Build | Blacksmith |
| 4:52 | Research | Castle Age |
| 5:31 | Research | Double-Bit Axe |
| 5:31 | Research | Double-Bit Axe |
| 5:31 | Research | Tech 1687 |
| 5:32 | Research | Tech 1688 |
| 5:32 | Research | Tech 1688 |
| 6:00 | Age | Castle Age |
| 6:06 | Build | Town Center |
| 6:20 | Create | Villager (Male) ×5 |
| 6:29 | Research | Town Watch |
| 6:30 | Research | Tech 1612 |
| 6:30 | Research | Tech 1613 |
| 6:44 | Create | Villager (Male) ×5 |
| 6:44 | Create | Villager (Male) ×5 |
| 6:44 | Create | Villager (Male) ×5 |
| 6:45 | Create | Villager (Male) ×5 |
| 6:45 | Create | Villager (Male) ×5 |
| 7:12 | Create | Villager (Male) ×5 |
| 7:12 | Create | Villager (Male) ×5 |
| 7:37 | Build | Farm |
| 7:41 | Build | Farm |
| 7:54 | Research | Bow Saw |
| 7:54 | Research | Bow Saw |
| 7:54 | Research | Tech 1691 |
| 7:55 | Research | Tech 1692 |
| 8:11 | Create | Villager (Male) ×4 |
| 8:11 | Create | Villager (Male) ×4 |
| 9:40 | Build | Market |
| 10:28 | Build | Monastery |
| 10:42 | Build | Mule Cart |
| 11:50 | Build | Mule Cart |
| 11:58 | Build | Monastery |
| 12:18 | Create | Warrior Priest ×5 |
| 12:19 | Create | Warrior Priest ×4 |
| 12:56 | Build | Mule Cart |
| 13:06 | Research | Gold Mining |
| 13:06 | Research | Tech 1653 |
| 13:07 | Research | Tech 1653 |
| 13:07 | Research | Tech 1654 |
| 13:35 | Build | Castle |
| 13:58 | Build | Mule Cart |
| 14:19 | Build | House |
| 14:20 | Build | House |
| 14:22 | Build | House |
| 14:48 | Build | Mule Cart |
| 15:15 | Research | Imperial Age |
| 15:48 | Research | Tech 1677 |
| 15:49 | Research | Tech 1678 |
| 15:49 | Research | Tech 1678 |
| 16:00 | Research | Hulche Javelineers |
| 16:05 | Research | Tech 1774 |
| 16:06 | Research | Tech 1775 |
| 16:06 | Research | Tech 1775 |
| 16:31 | Age | Imperial Age |
| 17:53 | Research | Tech 27 |
| 18:03 | Build | Blacksmith |
| 18:31 | Research | Scale Mail Armor |
| 18:32 | Research | Tech 1663 |
| 18:32 | Research | Tech 1663 |
| 18:32 | Research | Tech 1664 |
| 18:34 | Research | Forging |
| 18:34 | Research | Tech 1661 |
| 18:35 | Research | Tech 1661 |
| 18:35 | Research | Tech 1662 |
| 18:52 | Research | Tech 4 |
| 18:53 | Research | Tech 1606 |
| 19:12 | Create | Villager (Male) ×5 |
| 19:28 | Build | Mill |
| 19:30 | Build | Farm |
| 19:30 | Build | Farm |
| 19:31 | Build | Farm |
| 19:31 | Build | Farm |
| 19:31 | Build | Farm |
| 19:32 | Build | Farm |
| 19:32 | Build | Farm |
| 19:32 | Build | Farm |
| 19:33 | Build | Farm |
| 19:33 | Build | Farm |
| 19:33 | Build | Farm |
| 19:33 | Build | Farm |
| 19:34 | Build | Farm |
| 19:34 | Build | Farm |
| 19:58 | Build | Monastery |
| 20:49 | Research | Fervor |
| 20:53 | Research | Sanctity |
| 21:39 | Create | Villager (Male) ×5 |
| 21:39 | Create | Villager (Male) ×5 |
| 21:39 | Create | Villager (Male) ×5 |
| 21:40 | Create | Villager (Male) ×5 |
| 21:40 | Create | Villager (Male) ×5 |
| 21:40 | Create | Villager (Male) ×5 |
| 22:20 | Research | Tech 1607 |
| 22:41 | Build | Barracks |
| 22:59 | Research | Eagle Warrior (upgrade) |
| 23:13 | Build | Barracks |
| 23:26 | Research | Elite Eagle Warrior (upgrade) |
| 23:33 | Research | Squires |
| 23:34 | Research | Arson |
| 23:40 | Research | Padded Archer Armor |
| 23:43 | Research | Chain Mail Armor |
| 23:44 | Research | Tech 1667 |
| 23:44 | Research | Tech 1668 |
| 23:46 | Research | Iron Casting |
| 23:46 | Research | Tech 1869 |
| 24:00 | Create | Eagle Scout ×5 |
| 24:01 | Create | Eagle Scout ×5 |
| 24:01 | Create | Eagle Scout ×5 |
| 24:01 | Create | Eagle Scout ×5 |
| 24:02 | Create | Eagle Scout |
| 24:02 | Create | Eagle Scout |
| 24:02 | Create | Eagle Scout ×2 |
| 24:15 | Research | Conscription |
| 25:09 | Build | Barracks |
| 25:17 | Research | Tech 1701 |
| 25:17 | Research | Tech 1702 |
| 26:51 | Research | Tech 1721 |
| 26:52 | Research | Tech 1721 |
| 26:52 | Research | Tech 1722 |
| 27:09 | Create | Eagle Scout ×5 |
| 27:09 | Create | Eagle Scout ×5 |
| 27:10 | Create | Eagle Scout ×5 |
| 27:10 | Create | Eagle Scout ×5 |
| 27:10 | Create | Eagle Scout ×5 |
| 27:11 | Create | Eagle Scout ×5 |
| 27:11 | Create | Eagle Scout ×5 |
| 27:11 | Create | Eagle Scout ×5 |
| 27:12 | Create | Eagle Scout ×5 |
| 27:12 | Create | Eagle Scout ×5 |
| 30:27 | Research | Blast Furnace |
| 30:27 | Research | Blast Furnace |
| 30:27 | Research | Tech 1665 |
Build order — Pogonophobia69
First 150 of 163 actions detected
| 0:08 | Build | Settlement |
| 0:13 | Create | Villager (Male) ×4 |
| 0:29 | Build | Farm |
| 0:46 | Build | Farm |
| 0:53 | Build | Farm |
| 1:30 | Create | Villager (Male) |
| 2:13 | Build | Farm |
| 2:20 | Build | Farm |
| 3:27 | Create | Villager (Male) |
| 3:28 | Create | Villager (Male) |
| 3:28 | Create | Villager (Male) |
| 3:47 | Build | Farm |
| 3:52 | Build | Farm |
| 4:35 | Research | Feudal Age |
| 4:51 | Create | Villager (Male) |
| 4:51 | Create | Villager (Male) |
| 5:34 | Age | Feudal Age |
| 5:40 | Research | Town Watch |
| 5:40 | Research | Tech 1612 |
| 5:45 | Research | Town Watch |
| 5:46 | Create | Villager (Male) |
| 5:47 | Create | Villager (Male) |
| 5:47 | Create | Villager (Male) |
| 6:00 | Build | Market |
| 6:06 | Build | Blacksmith |
| 6:20 | Research | Double-Bit Axe |
| 6:21 | Research | Tech 1687 |
| 6:21 | Research | Tech 1687 |
| 6:21 | Research | Tech 1688 |
| 6:45 | Create | Villager (Male) |
| 6:46 | Create | Villager (Male) |
| 6:46 | Create | Villager (Male) |
| 7:45 | Create | Villager (Male) |
| 9:39 | Research | Castle Age |
| 10:43 | Age | Castle Age |
| 10:50 | Research | Bow Saw |
| 10:51 | Research | Tech 1691 |
| 10:51 | Research | Tech 1692 |
| 10:58 | Research | Wheelbarrow |
| 10:59 | Research | Tech 1699 |
| 12:04 | Build | Dock |
| 12:25 | Build | Dock |
| 12:33 | Build | Dock |
| 13:07 | Build | Town Center |
| 13:30 | Research | Tech 1960 |
| 13:30 | Research | Tech 1960 |
| 13:31 | Research | Tech 1961 |
| 13:31 | Research | Tech 1962 |
| 13:34 | Create | Fishing Ship |
| 13:34 | Create | Fishing Ship |
| 13:34 | Create | Fishing Ship |
| 13:35 | Create | Fishing Ship |
| 13:35 | Create | Fishing Ship |
| 13:35 | Create | Fishing Ship |
| 13:35 | Create | Fishing Ship |
| 13:36 | Create | Fishing Ship |
| 13:36 | Create | Fishing Ship |
| 13:36 | Create | Fishing Ship |
| 13:37 | Create | Fishing Ship |
| 13:48 | Create | Villager (Male) |
| 13:48 | Create | Villager (Male) |
| 13:49 | Create | Villager (Male) |
| 13:49 | Create | Villager (Male) |
| 13:49 | Create | Villager (Male) |
| 14:01 | Research | Hand Cart |
| 14:06 | Create | Villager (Male) |
| 14:07 | Create | Villager (Male) |
| 14:25 | Build | Fish Trap |
| 14:32 | Build | Fish Trap |
| 14:47 | Build | Fish Trap |
| 15:10 | Build | Fish Trap |
| 15:11 | Build | Fish Trap |
| 15:13 | Build | Fish Trap |
| 15:16 | Build | Fish Trap |
| 15:16 | Build | Fish Trap |
| 15:17 | Build | Fish Trap |
| 15:18 | Build | Fish Trap |
| 16:01 | Build | Fish Trap |
| 16:01 | Build | Fish Trap |
| 16:02 | Build | Fish Trap |
| 16:03 | Build | Fish Trap |
| 16:04 | Build | Fish Trap |
| 16:05 | Build | Fish Trap |
| 16:06 | Build | Fish Trap |
| 16:07 | Build | Fish Trap |
| 16:08 | Build | Fish Trap |
| 16:09 | Build | Fish Trap |
| 16:13 | Build | Fish Trap |
| 16:14 | Build | Fish Trap |
| 16:16 | Build | Fish Trap |
| 16:17 | Build | Fish Trap |
| 16:18 | Build | Fish Trap |
| 16:19 | Build | Fish Trap |
| 16:20 | Build | Fish Trap |
| 16:21 | Build | Fish Trap |
| 16:22 | Build | Fish Trap |
| 16:22 | Build | Fish Trap |
| 16:31 | Create | Fishing Ship |
| 16:32 | Create | Fishing Ship |
| 16:32 | Create | Fishing Ship |
| 16:32 | Create | Fishing Ship |
| 16:33 | Create | Fishing Ship |
| 16:34 | Research | Gillnets |
| 16:35 | Research | Tech 1659 |
| 16:35 | Research | Tech 1660 |
| 16:37 | Create | Fishing Ship |
| 16:37 | Create | Fishing Ship |
| 16:38 | Create | Fishing Ship |
| 16:38 | Create | Fishing Ship |
| 16:38 | Create | Fishing Ship |
| 16:39 | Create | Fishing Ship |
| 16:59 | Build | Town Center |
| 17:14 | Research | Stone Mining |
| 17:14 | Research | Tech 1723 |
| 17:14 | Research | Tech 1724 |
| 17:16 | Research | Gold Mining |
| 17:17 | Research | Tech 1653 |
| 17:17 | Research | Tech 1654 |
| 17:17 | Research | Tech 1654 |
| 17:19 | Research | Horse Collar |
| 17:19 | Research | Tech 1624 |
| 17:19 | Research | Tech 1625 |
| 17:33 | Research | Stone Shaft Mining |
| 17:33 | Research | Tech 1727 |
| 17:33 | Research | Tech 1728 |
| 17:38 | Create | Villager (Male) |
| 17:39 | Create | Villager (Male) |
| 17:39 | Create | Villager (Male) |
| 17:39 | Create | Villager (Male) |
| 17:39 | Create | Villager (Male) |
| 17:47 | Research | Tech 1700 |
| 17:47 | Research | Tech 1715 |
| 17:48 | Research | Tech 1716 |
| 17:53 | Create | Villager (Male) |
| 17:54 | Create | Villager (Male) |
| 17:54 | Create | Villager (Male) |
| 17:54 | Create | Villager (Male) |
| 17:55 | Create | Villager (Male) |
| 17:55 | Create | Villager (Male) |
| 17:55 | Create | Villager (Male) |
| 18:44 | Research | Gold Shaft Mining |
| 18:44 | Research | Tech 1677 |
| 18:45 | Research | Tech 1678 |
| 18:52 | Research | Fletching |
| 18:53 | Research | Tech 1681 |
| 18:53 | Research | Tech 1682 |
| 18:55 | Research | Padded Archer Armor |
| 18:56 | Research | Tech 1695 |
| 18:56 | Research | Tech 1696 |
| 18:58 | Research | Forging |
Build order — Yeepers
First 150 of 401 actions detected
| 0:13 | Build | Mill |
| 0:18 | Build | Mule Cart |
| 0:20 | Create | Villager (Male) |
| 0:28 | Build | House |
| 0:37 | Research | Feudal Age |
| 0:42 | Build | Farm |
| 1:02 | Build | Farm |
| 1:07 | Build | Farm |
| 1:10 | Build | Farm |
| 1:16 | Build | Farm |
| 1:20 | Build | Farm |
| 1:25 | Build | Farm |
| 1:30 | Age | Feudal Age |
| 1:42 | Research | Tech 1625 |
| 1:42 | Research | Tech 1625 |
| 1:43 | Research | Tech 1624 |
| 1:43 | Research | Tech 1624 |
| 1:46 | Research | Horse Collar |
| 1:50 | Create | Villager (Male) ×2 |
| 1:52 | Create | Villager (Male) |
| 2:00 | Build | Market |
| 2:12 | Research | Double-Bit Axe |
| 2:20 | Research | Tech 1687 |
| 2:28 | Research | Tech 1688 |
| 3:10 | Build | Blacksmith |
| 3:41 | Build | Farm |
| 3:48 | Create | Villager (Male) |
| 4:27 | Research | Castle Age |
| 4:55 | Build | Farm |
| 5:31 | Age | Castle Age |
| 5:50 | Build | University |
| 5:57 | Create | Villager (Male) |
| 6:03 | Create | Villager (Male) |
| 6:19 | Build | Farm |
| 6:32 | Create | Villager (Male) |
| 6:48 | Research | Bow Saw |
| 6:49 | Research | Tech 1691 |
| 6:50 | Research | Tech 1692 |
| 7:10 | Build | Monastery |
| 7:33 | Research | Imperial Age |
| 7:48 | Build | Farm |
| 8:02 | Build | Town Center |
| 8:49 | Age | Imperial Age |
| 8:51 | Research | Wheelbarrow |
| 8:52 | Research | Tech 1699 |
| 8:53 | Research | Tech 1699 |
| 8:53 | Research | Tech 1700 |
| 9:07 | Research | Town Watch |
| 9:07 | Research | Town Watch |
| 9:07 | Research | Tech 1612 |
| 9:08 | Research | Tech 1612 |
| 9:08 | Research | Tech 1613 |
| 9:08 | Research | Tech 1613 |
| 9:32 | Build | Town Center |
| 9:39 | Research | Hand Cart |
| 9:40 | Research | Tech 1715 |
| 9:41 | Research | Tech 1716 |
| 9:58 | Create | Villager (Male) ×5 |
| 10:00 | Create | Villager (Male) ×5 |
| 10:01 | Create | Villager (Male) ×5 |
| 10:01 | Create | Villager (Male) ×5 |
| 10:08 | Build | Farm |
| 10:31 | Build | Farm |
| 10:40 | Research | Tech 1705 |
| 10:41 | Research | Tech 1706 |
| 11:00 | Create | Villager (Male) ×5 |
| 11:00 | Create | Villager (Male) ×5 |
| 11:01 | Create | Villager (Male) ×5 |
| 11:01 | Create | Villager (Male) ×5 |
| 11:01 | Create | Villager (Male) ×5 |
| 11:01 | Create | Villager (Male) ×4 |
| 11:09 | Build | Farm |
| 11:29 | Build | Mule Cart |
| 12:03 | Research | Stone Mining |
| 12:03 | Research | Stone Mining |
| 12:03 | Research | Tech 1723 |
| 12:04 | Research | Tech 1724 |
| 12:05 | Research | Gold Mining |
| 12:05 | Research | Gold Mining |
| 12:06 | Research | Tech 1653 |
| 12:06 | Research | Tech 1653 |
| 12:06 | Research | Tech 1654 |
| 12:06 | Research | Tech 1654 |
| 12:15 | Build | Farm |
| 12:34 | Build | Farm |
| 12:38 | Build | Farm |
| 12:53 | Build | Farm |
| 13:00 | Build | Farm |
| 13:07 | Build | Farm |
| 13:11 | Build | Farm |
| 13:21 | Build | Farm |
| 13:24 | Build | Farm |
| 13:28 | Build | Farm |
| 13:34 | Create | Villager (Male) ×5 |
| 13:34 | Create | Villager (Male) ×5 |
| 13:35 | Create | Villager (Male) ×5 |
| 13:35 | Create | Villager (Male) ×5 |
| 13:35 | Create | Villager (Male) ×5 |
| 13:35 | Create | Villager (Male) ×5 |
| 13:44 | Build | Farm |
| 13:46 | Research | Tech 1727 |
| 13:46 | Research | Tech 1727 |
| 13:46 | Research | Tech 1728 |
| 13:46 | Research | Tech 1728 |
| 13:53 | Research | Gold Shaft Mining |
| 14:03 | Research | Tech 1677 |
| 14:05 | Research | Tech 1678 |
| 14:14 | Build | Siege Workshop |
| 14:37 | Build | Mule Cart |
| 14:53 | Research | Heavy Scorpion (upgrade) |
| 14:54 | Research | Capped Ram (upgrade) |
| 15:08 | Build | Mule Cart |
| 15:10 | Build | Mule Cart |
| 15:15 | Build | Mule Cart |
| 15:49 | Create | Villager (Male) ×5 |
| 15:49 | Create | Villager (Male) ×5 |
| 15:49 | Create | Villager (Male) ×5 |
| 15:49 | Create | Villager (Male) ×5 |
| 15:50 | Create | Villager (Male) ×2 |
| 16:03 | Build | Market |
| 16:11 | Research | Tech 1623 |
| 16:12 | Research | Tech 1622 |
| 16:12 | Research | Tech 1622 |
| 16:12 | Research | Heavy Plow |
| 16:13 | Research | Heavy Plow |
| 16:23 | Build | Barracks |
| 16:37 | Research | Guilds |
| 16:44 | Build | House |
| 16:47 | Build | House |
| 17:19 | Build | Castle |
| 17:41 | Research | Man-at-Arms (upgrade) |
| 17:41 | Research | Pikeman (upgrade) |
| 17:41 | Research | Gambesons |
| 17:41 | Research | Squires |
| 17:42 | Research | Arson |
| 17:42 | Research | Tech 1858 |
| 17:42 | Research | Tech 1701 |
| 17:42 | Research | Arson |
| 17:42 | Research | Tech 1858 |
| 17:42 | Research | Tech 1701 |
| 17:42 | Research | Tech 1721 |
| 17:42 | Research | Tech 1859 |
| 17:43 | Research | Tech 1702 |
| 17:43 | Research | Tech 1721 |
| 17:43 | Research | Tech 1702 |
| 17:43 | Research | Tech 1722 |
| 17:51 | Build | Town Center |
| 17:56 | Build | Castle |
| 18:19 | Build | University |
| 18:35 | Research | Onager (upgrade) |
Match timeline
| 1:30 | Yeepers · age_up feudal |
| 1:48 | liehuo22 · age_up feudal |
| 2:03 | Chuckyllo4417 · first_market_sell 500 wood |
| 2:05 | Chuckyllo4417 · first_market_buy 500 wood |
| 2:46 | Yeepers · first_market_sell 100 wood |
| 3:11 | liehuo22 · first_market_sell 500 wood |
| 3:14 | liehuo22 · first_market_buy 500 food |
| 3:17 | og1kanooby · age_up feudal |
| 4:35 | og1kanooby · first_market_sell 100 wood |
| 5:02 | NoxMortus · age_up feudal |
| 5:20 | liehuo22 · age_up castle |
| 5:26 | NoxMortus · first_market_sell 100 wood |
| 5:28 | NoAgendaPODCAST · age_up feudal |
| 5:31 | Yeepers · age_up castle |
| 5:34 | Pogonophobia69 · age_up feudal |
| 5:40 | yimacs_yoyoyo · age_up feudal |
| 6:00 | og1kanooby · age_up castle |
| 7:10 | Yeepers · first_building Monastery |
| 7:18 | liehuo22 · first_building Siege Workshop |
| 7:25 | Pogonophobia69 · first_market_sell 100 wood |
| 7:29 | liehuo22 · first_building Dock |
| 7:46 | liehuo22 · first_building Monastery |
| 7:59 | NoAgendaPODCAST · first_market_sell 500 wood |
| 8:32 | Chuckyllo4417 · first_building Monastery |
| 8:49 | Chuckyllo4417 · first_building Siege Workshop |
| 8:49 | Yeepers · age_up imperial |
| 9:00 | NoxMortus · age_up castle |
| 9:26 | NoAgendaPODCAST · age_up castle |
| 9:30 | liehuo22 · age_up imperial |
| 10:28 | og1kanooby · first_building Monastery |
| 10:43 | Pogonophobia69 · age_up castle |
| 11:01 | yimacs_yoyoyo · first_market_sell 100 wood |
| 11:20 | liehuo22 · first_building Castle |
| 11:30 | NoxMortus · first_building Siege Workshop |
| 11:35 | NoxMortus · first_building Monastery |
| 12:04 | Pogonophobia69 · first_building Dock |
| 12:27 | yimacs_yoyoyo · age_up castle |
| 13:05 | NoxMortus · age_up imperial |
| 13:10 | NoAgendaPODCAST · first_market_buy 100 stone |
| 13:23 | liehuo22 · first_building Barracks |
| 13:23 | og1kanooby · first_market_buy 500 stone |
| 13:35 | og1kanooby · first_building Castle |
| 14:05 | liehuo22 · first_building Stable |
| 14:14 | Yeepers · first_building Siege Workshop |
| 14:18 | NoxMortus · first_building Castle |
| 15:02 | Chuckyllo4417 · first_building Castle |
| 15:14 | Chuckyllo4417 · first_building Barracks |
| 16:23 | Yeepers · first_building Barracks |
| 16:31 | og1kanooby · age_up imperial |
| 16:37 | Chuckyllo4417 · first_building Stable |
| 17:19 | Yeepers · first_building Castle |
| 17:50 | NoAgendaPODCAST · first_building Siege Workshop |
| 19:25 | yimacs_yoyoyo · first_building Siege Workshop |
| 19:29 | yimacs_yoyoyo · first_building Monastery |
| 19:51 | NoxMortus · first_building Barracks |
| 20:09 | NoAgendaPODCAST · first_building Monastery |
| 20:18 | Pogonophobia69 · resign |
| 20:49 | Yeepers · first_building Archery Range |
| 20:51 | Yeepers · first_building Stable |
| 21:15 | yimacs_yoyoyo · age_up imperial |
| 21:30 | NoxMortus · tribute_sent a jugador 1 |
| 21:30 | NoxMortus · tribute_sent a jugador 2 |
| 21:30 | NoxMortus · tribute_sent a jugador 3 |
| 21:30 | NoxMortus · tribute_sent a jugador 4 |
| 21:30 | NoxMortus · tribute_sent a jugador 5 |
| 21:30 | NoxMortus · tribute_sent a jugador 6 |
| 21:30 | NoxMortus · tribute_sent a jugador 8 |
| 21:37 | NoAgendaPODCAST · first_building Castle |
| 21:37 | yimacs_yoyoyo · tribute_sent a jugador 1 |
| 21:37 | yimacs_yoyoyo · tribute_sent a jugador 3 |
| 21:37 | yimacs_yoyoyo · tribute_sent a jugador 4 |
| 21:37 | yimacs_yoyoyo · tribute_sent a jugador 5 |
| 21:37 | yimacs_yoyoyo · tribute_sent a jugador 6 |
| 21:37 | yimacs_yoyoyo · tribute_sent a jugador 7 |
| 21:37 | yimacs_yoyoyo · tribute_sent a jugador 8 |
| 21:38 | NoAgendaPODCAST · age_up imperial |
| 21:59 | yimacs_yoyoyo · first_building Barracks |
| 22:22 | yimacs_yoyoyo · tribute_sent a jugador 1 |
| 22:22 | yimacs_yoyoyo · tribute_sent a jugador 3 |
| 22:22 | yimacs_yoyoyo · tribute_sent a jugador 4 |
| 22:22 | yimacs_yoyoyo · tribute_sent a jugador 5 |
| 22:22 | yimacs_yoyoyo · tribute_sent a jugador 6 |
| 22:22 | yimacs_yoyoyo · tribute_sent a jugador 7 |
| 22:22 | yimacs_yoyoyo · tribute_sent a jugador 8 |
| 22:30 | yimacs_yoyoyo · first_building Stable |
| 22:41 | og1kanooby · first_building Barracks |
| 23:26 | NoAgendaPODCAST · first_building Barracks |
| 23:28 | yimacs_yoyoyo · tribute_sent a jugador 1 |
| 23:28 | yimacs_yoyoyo · tribute_sent a jugador 3 |
| 23:28 | yimacs_yoyoyo · tribute_sent a jugador 4 |
| 23:28 | yimacs_yoyoyo · tribute_sent a jugador 5 |
| 23:29 | yimacs_yoyoyo · tribute_sent a jugador 6 |
| 23:29 | yimacs_yoyoyo · tribute_sent a jugador 7 |
| 23:29 | yimacs_yoyoyo · tribute_sent a jugador 8 |
| 23:42 | yimacs_yoyoyo · wall_segment Palisade Wall x4 |
| 24:25 | yimacs_yoyoyo · wall_segment Stone Wall x1 |
| 24:31 | yimacs_yoyoyo · wall_segment Stone Wall x1 |
| 24:40 | yimacs_yoyoyo · wall_segment Stone Wall x1 |
| 24:46 | NoAgendaPODCAST · first_building Archery Range |
| 25:14 | NoAgendaPODCAST · wall_segment Stone Wall x6 |
| 25:29 | NoAgendaPODCAST · wall_segment Stone Wall x4 |
| 26:09 | yimacs_yoyoyo · first_market_buy 100 stone |
| 26:15 | yimacs_yoyoyo · first_building Castle |
| 28:37 | NoAgendaPODCAST · wall_segment Stone Wall x7 |
| 29:20 | NoAgendaPODCAST · wall_segment Stone Wall x6 |
| 29:30 | NoAgendaPODCAST · wall_segment Stone Wall x6 |
| 29:54 | NoAgendaPODCAST · wall_segment Stone Wall x4 |
| 30:36 | NoAgendaPODCAST · wall_segment Stone Wall x5 |
[ AI ANALYSIS · 1 CREDIT ]
What really happened in this match?
Wolo.gg analyzes every decision: build order, eco, micro, common mistakes by bracket. Personalized analysis on WhatsApp or Discord in 30 seconds.
Civ guide
Japanese
Perfil
Jugador #210702